 Dungeon Crawl Stone Soup version 0.27-a0-1196-g3e9cee4cb2 (webtiles) character file.

Game seed: 2007248274541643530

325 Johnny the Magician (level 6, -4/37 HPs)
             Began as a Deep Elf Earth Elementalist on May 29, 2021.
             Killed by divine providence
             ... invoked by an orc priest
              (14 damage)
             ... on level 4 of the Dungeon.
             The game lasted 00:03:55 (3070 turns).

Johnny the Magician (Deep Elf Earth Elementalist)   Turns: 3070, Time: 00:03:56

Health: -4/37      AC:  5    Str:  5    XL:     6   Next: 24%
Magic:  1/15       EV: 12    Int: 22    God:
Gold:   134        SH:  0    Dex: 15    Spells: 14/15 levels left

rFire    . . .     SeeInvis .   a - +0 dagger
rCold    . . .     Faith    .   (no shield)
rNeg     . . .     Spirit   .   c - +0 robe
rPois    .         Reflect  .   e - +1 helmet
rElec    .         Harm     .   g - +0 cloak
rCorr    .         Rampage  .   (no gloves)
Will     .....                  (no boots)
Stlth    ++........             (no amulet)
HPRegen  0.12/turn              k - ring of wizardry
MPRegen  0.14/turn              (no ring)

@: no status effects
A: no striking features
a: no special abilities


You were on level 4 of the Dungeon.
You visited 1 branch of the dungeon, and saw 4 of its levels.
You also visited: Sewer.

You collected 162 gold pieces.
You spent 28 gold pieces at shops.

Inventory:

Hand Weapons
 a - a +0 dagger (weapon)
Missiles
 b - 30 stones
Armour
 c - a +0 robe (worn)
 e - a +1 helmet (worn)
 g - a +0 cloak (worn)
Jewellery
 k - a ring of wizardry (left hand)
Scrolls
 f - a scroll of blinking
 i - a scroll of amnesia {unknown}
 j - a scroll of teleportation {unknown}
 n - a scroll of enchant armour {unknown}
 p - a scroll of silence {unknown}
 q - 2 scrolls of vulnerability {unknown}
Potions
 h - a potion of flight {unknown}
 l - 2 potions of brilliance
 m - a potion of berserk rage {unknown}
 o - a potion of heal wounds {unknown}


   Skills:
 * Level 3.5 Fighting
 - Level 2.4 Dodging
 - Level 2.4 Stealth
 + Level 5.1 Spellcasting
 - Level 1.1 Transmutations
 + Level 4.7 Earth Magic


You had 14 spell levels left.
You knew the following spells:

 Your Spells              Type           Power      Damage    Failure   Level
a - Sandblast             Erth           52%        2d12      1%          1

Your spell library contained the following spells:

 Spells                   Type           Power      Damage    Failure   Level
 Passwall                 Tmut/Erth      15%        N/A       1%          2
 Stone Arrow              Conj/Erth      32%        3d9       4%          3
 Confusing Touch          Hex            5%         N/A       12%         3
 Gell's Gravitas          Tloc           2%         N/A       12%         3
 Petrify                  Tmut/Erth      18%        N/A       12%         4
 Lee's Rapid Deconstruct  Erth           13%        3d10*     16%         5
 Yara's Violent Unravell  Hex/Tmut       4%         3d4       61%         5
 Metabolic Englaciation   Hex/Ice        2%         N/A       69%         5


Dungeon Overview and Level Annotations

Branches:
Dungeon (4/15)              Sewer (visited)
 Temple: D:4-7

Altars:
Okawaru

Shops:
D:1 (*([

Annotations:
D:4 Grinder


Message History

Aim: an orc priest, wielding a +0 hand axe and wearing a +0 chain mail (almost dead, 86% to hit)
The blast of sand misses the orc priest.
The blast of sand hits the hound skeleton!
The hound skeleton is moderately damaged.
The orc priest hits you with a +0 hand axe.
* * * LOW HITPOINT WARNING * * *
Casting: Sandblast (safe; 1% risk of failure)
Confirm with . or Enter, or press ? or * to list all spells.
You don't have enough magic to cast this spell.
You don't have enough magic to cast this spell.
Unknown command.
You aren't carrying any items that you can evoke.
Unknown command.
You feel better. The orc priest completely misses you.
You aren't carrying any items that you can evoke.
Unknown command.
The orc priest calls down the wrath of Beogh upon you.
Beogh smites you!
* * * LOW HITPOINT WARNING * * *
You feel better.
Casting: Sandblast (safe; 1% risk of failure)
Confirm with . or Enter, or press ? or * to list all spells.
Aiming: Sandblast (safe; 1% risk of failure)
Press: ? - help, Shift-Dir - straight line, f/p - orc priest
Aim: an orc priest, wielding a +0 hand axe and wearing a +0 chain mail (severely wounded, 86% to hit)
The blast of sand hits the orc priest but does no damage.
The orc priest is severely wounded.
The orc priest barely misses you.
You feel better.
A killer bee comes into view.
The orc priest hits you with a +0 hand axe.
The killer bee buzzes angrily.
The orc priest invokes the aid of Beogh against you.
Beogh smites you!
* * * LOW HITPOINT WARNING * * *
Found a robe.
A killer bee comes into view.
The orc priest mumbles some strange prayers to Beogh against you.
Beogh smites you!
You die...

############.###########
.#.......... #. #.####.#### # #.
#. #.#... #... .# #. #.#.##
.#.##. #. #.#...
...#.######.#############.####
..o .....[................... #..
..y.....@<.....#######..#
#####.#########.##.....#######...
......)...Z..yo..................
#####.#########.##.#.###########.
#.####..)......# #......#####
#.......###.#..#.#.####......
######..# #.#....#.##########
#..# #.#.####....# # ...#
#.#.#....##.# #


You could see 2 killer bees and an orc priest.

Vanquished Creatures
  Purgy (Sewer)
  A killer bee (D:4)
  Natasha (twice) (D:2)
  A hound skeleton (D:4)
  3 adders
  5 worms
  4 dart slugs
  8 orcs
  3 ball pythons
  14 bats
  9 endoplasms
  2 giant cockroaches (D:3)
  4 goblins
  2 hobgoblins
  3 quokkas (D:2)
  A frilled lizard (D:3)
  5 kobolds
  5 rats
73 creatures vanquished.

Notes
Turn   | Place    | Note
-------+----------+-------------------------------------------
     0 | D:1      | Johnny the Deep Elf Earth Elementalist began the quest for
                  | the Orb.
     0 | D:1      | Reached XP level 1. HP: 10/10 MP: 6/6
    17 | D:1      | Found Neogreps's Antique Armour Boutique.
   217 | D:1      | Reached XP level 2. HP: 10/16 MP: 5/8
   445 | D:1      | Found Ipsoaros's Antique Weapon Shoppe.
   519 | D:1      | Found Qairur's Antique Weapon Emporium.
   521 | D:1      | Found Zicy's General Store.
   567 | D:1      | Bought a scroll of identify for 28 gold pieces
   577 | D:1      | Found Etain's Antique Weapon Emporium.
   709 | D:1      | Reached skill level 1 in Fighting
   889 | D:2      | Found a faded altar of an unknown god.
   919 | D:2      | Reached XP level 3. HP: 15/20 MP: 7/10
  1243 | D:2      | Found an iron altar of Okawaru.
  1481 | D:2      | Noticed Natasha
  1488 | D:2      | Killed Natasha
  1489 | D:2      | Reached skill level 4 in Spellcasting
  1489 | D:2      | Reached XP level 4. HP: 26/26 MP: 7/12
  1540 | D:2      | Noticed Natasha
  1548 | D:2      | Killed Natasha
  2004 | D:3      | Reached XP level 5. HP: 18/31 MP: 4/13
  2089 | D:3      | Found a glowing drain.
  2106 | Sewer    | Entered a sewer
  2234 | Sewer    | Noticed Purgy
  2240 | Sewer    | Killed Purgy
  2842 | D:4      | Noticed Grinder
  3043 | D:4      | Reached XP level 6. HP: 37/37 MP: 12/15
  3046 | D:4      | Reached skill level 5 in Spellcasting
  3070 | D:4      | Killed from afar by an orc priest

Illustrated notes

Levels and vault maps discovered:
D:1:      grunt_arrival_crossed_arrows, layout_basic, serial_shops, shop_statue,
          shop, nicolae_shop_temple_entry_statues_fountains, shop, shop
D:2:      layout_basic, basic_altar,
          hellmonk_ecumenical_altar_pennies_from_heaven, uniq_natasha
D:3:      layout_rooms, cheibrodos_sewer_entry_bend
D:4:      layout_basic, amcnicky_altar_gilded,
          chequers_temple_overflow_statue_of_worship, roderic_lattice_a,
          uniq_grinder, uniq_sigmund

Skill      XL: |  1  2  3  4  5  6 |
---------------+-------------------+-----
Fighting       | 1 2 3 |  3.5
Spellcasting   | 4 5 |  5.1
Earth Magic    | 4 |  4.7
Dodging        | |  2.4
Stealth        | |  2.4
Transmutations | |  1.1

Action                   |  1- 3 |  4- 6 || total
-------------------------+-------+-------++-------
Melee: Dagger            |    25 |    33 ||    58
       Unarmed           |     1 |       ||     1
 Cast: Sandblast         |    41 |    76 ||   117
  Use: Scroll            |       |     3 ||     3
       Potion            |       |     3 ||     3
 Stab: Sleeping          |     3 |     3 ||     6
Armor: Robe              |    19 |    21 ||    40
Dodge: Dodged            |    32 |    62 ||    94

Table legend: (Time is in decaauts)
 A = Elapsed time spent in this place.
 B = Non-inter-level travel time spent in this place.
 C = Inter-level travel time spent in this place.
 D = Time resting spent in this place.
 E = Time spent auto-exploring this place.
 F = Levels seen in this place.
 G = Mean time per level.
                   A        B        C        D        E       F      G
               +--------+--------+--------+--------+--------+-----+--------+
         Total |   3091 |   3011 |     80 |    400 |   2044 |   5 |  618.2 |
       Dungeon |   2877 |   2797 |     80 |    273 |   1990 |   4 |  719.2 |
         Sewer |    213 |    213 |      0 |    127 |     54 |   1 |  213.0 |
               +--------+--------+--------+--------+--------+-----+--------+

Top non-repeatable levels by time:
     D:2: 1172 daAuts
     D:1: 803 daAuts
     D:3: 753 daAuts
   Sewer: 213 daAuts
     D:4: 147 daAuts
